AoeStats
← -GLAZ-

Arabia

508613274Analyzed
1v1 RM · 9d ago on Sep 23, 2026· 48m 28s· 2 players
Game mode
Random Map
Map size
Tiny (2 player)
Population
200
Speed
Normal
Resources
Standard
Victory
Conquest
Starting age
Dark Age
Ending age
Imperial Age
RankedLock teamsTeams togetherTeam positionsShared explorationLock speedFull tech treeHidden civsTurbo modeCheats
Victory
Defeat
🇻🇳 Bohemians · Vietnam
902
+17
🇷🇺 Goths · Russia
931
-17
Dango
5:10 Loom
11:18 Feudal Age
17:42 Castle Age
20:04 Double-Bit Axe
20:03 Horse Collar
22:25 Heavy Plow
22:35 Bow Saw
26:12 Wheelbarrow
25:42 Town Watch
27:38 Hand Cart
27:50 Pikeman
33:45 Imperial Age
35:51 Chemistry
36:05 Elite Hussite Wagon
37:15 Halberdier
38:12 Forging
38:03 Scale Mail Armor
38:55 Houfnice
40:26 Iron Casting
40:07 Chain Mail Armor
41:05 Wagenburg Tactics
42:50 Blast Furnace
44:27 Squires
44:12 Arson
46:32 Ballistics
-GLAZ-
12:16 Loom
14:02 Feudal Age
14:23 Horse Collar
14:29 Double-Bit Axe
16:37 Gold Mining
20:26 Castle Age
20:07 Man-at-Arms
20:59 Forging
20:49 Scale Mail Armor
21:12 Heavy Plow
21:25 Bow Saw
21:50 Scale Mail Armor
23:27 Long Swordsman
24:37 Chain Mail Armor
24:19 Town Watch
25:33 Wheelbarrow
26:03 Iron Casting
26:30 Hand Cart
27:26 Squires
28:19 Town Patrol
37:06 Imperial Age
35:21 Stone Mining
37:14 Two-Handed Swordsman
38:58 Blast Furnace
38:51 Perfusion
39:05 Champion
40:24 Conscription
40:40 Onager
42:32 Masonry
Connection lost

Rejoining the realm…

Still unreachable

The connection could not be restored.

Session expired

The server has moved on; the page needs a fresh start.